 Dungeon Crawl Stone Soup version 0.29.1-15-g9cfb28693d (webtiles) character file.

Game seed: 16930196501382241703

40 Sixfetunder499 the Covered (level 3, -2/29 HPs)
             Began as a Human Fighter on Apr 20, 2023.
             Killed from afar by Sigmund (5 damage)
             ... with a magic dart
             ... on level 2 of the Dungeon.
             The game lasted 00:25:02 (1638 turns).

Sixfetunder499 the Covered (Human Fighter)          Turns: 1638, Time: 00:25:03

Health: -2/29      AC:  6    Str: 18    XL:     3   Next: 72%
Magic:  3/3        EV:  9    Int:  8    God:
Gold:   49         SH:  4    Dex: 12    Spells: 2/2 levels left

rFire   . . .      SeeInvis .   a - +0 war axe
rCold   . . .      Faith    .   c - +0 buckler
rNeg    . . .      Spirit   .   b - +0 scale mail
rPois   .          Reflect  .   (no helmet)
rElec   .          Harm     .   (no cloak)
rCorr   .          Rampage  .   (no gloves)
Will    .....                   (no boots)
Stlth   ..........              (no amulet)
HPRegen 0.09/turn               (no ring)
MPRegen 0.08/turn               (no ring)

@: no status effects
A: no striking features
a: no special abilities


You were on level 2 of the Dungeon.
You visited 1 branch of the dungeon, and saw 2 of its levels.

You collected 49 gold pieces.

Inventory:

Hand Weapons
 a - a +0 war axe (weapon)
 g - a +0 club
 i - a +0 whip
 j - a +0 sling
 k - a +0 dagger
 m - a +0 trident
 q - a +0 short sword
Missiles
 e - 14 stones (quivered)
 h - a throwing net
 l - 2 javelins
Armour
 b - a +0 scale mail (worn)
 c - a +0 buckler (worn)
Magical Staves
 f - a staff of fire
 p - a staff of conjuration
Jewellery
 o - a ring of willpower
Scrolls
 n - a scroll of vulnerability {unknown}
Potions
 d - a potion of might


   Skills:
 + Level 3.1 Fighting
 + Level 2.7 Axes
 + Level 3.4 Armour
 + Level 0.2 Dodging
 + Level 3.2 Shields


You had 2 spell levels left.
You didn't know any spells.
Your spell library was empty.

Dungeon Overview and Level Annotations

Branches:
Dungeon (2/15)

Altars:

Shops:
D:1 (

Annotations:
D:2 Sigmund


Message History

You slash the frilled lizard!
You kill the frilled lizard!
There is a strange disturbance nearby!
You enter the shallow water.
Moving in this stuff is going to be slow.
A bat comes into view.
You closely miss the bat. The bat barely misses you.
The bat hits you but does no damage. The bat barely misses you.
Something hits you. The bat closely misses you. The bat closely misses you.
You closely miss the bat. The bat hits you but does no damage.
You hear some strange, mumbled words.
You are confused.
The bat barely misses you.
You slash the bat!
You kill the bat!
A magic dart appears from out of thin air!
The magic dart hits you.
You bump into the rock wall.
Something hits you.
You bump into the rock wall.
Something hits you.
You see here a bat corpse.
You feel less confused. Something hits you.
Sigmund appears from thin air!
Reactivating autopickup.
Sigmund gestures at you while chanting. The puff of flame misses you.
Sigmund gestures at you while chanting.
You are confused.
Sigmund hits you but does no damage.
You bump into the rock wall.
Sigmund gestures at you while chanting. The magic dart hits you!
* * * LOW HITPOINT WARNING * * *
You bump into the rock wall.
You feel less confused. Sigmund gestures at you while chanting.
The magic dart hits you.
You die...

#### ##.~.
##.~~~
##..~♣P
######
#.~~♣♣♣
#....#
#P.P♣♣
#######.##.#
#.P~~♣
#.....@.##.#
##.PP♣♣
#.#@###.##@#
##~~P♣ #.#
#.##†# #~P~~
#.###.##.#


#.PPP #........#####.### #.#####........... ... ############ ... ... You could
see Sigmund.

Vanquished Creatures
  An adder (D:1)
  A dart slug (D:1)
  3 ball pythons (D:1)
  2 bats
  3 endoplasms (D:1)
  4 giant cockroaches (D:1)
  4 hobgoblins (D:1)
  3 kobolds (D:1)
  2 frilled lizards
  2 rats (D:1)
25 creatures vanquished.

Vanquished Creatures (others)
  A fungus (D:1)
  7 plants (D:2)
8 creatures vanquished.

Grand Total: 33 creatures vanquished

Notes
Turn   | Place    | Note
-------+----------+-------------------------------------------
     0 | D:1      | Sixfetunder499 the Human Fighter began the quest for the
                  | Orb.
     0 | D:1      | Reached XP level 1. HP: 18/18 MP: 1/1
   131 | D:1      | Reached XP level 2. HP: 24/24 MP: 2/2
   450 | D:1      | Found Teojean's Weapon Boutique.
   710 | D:1      | Reached XP level 3. HP: 27/29 MP: 3/3
  1581 | D:2      | Noticed Sigmund
  1638 | D:2      | Killed from afar by Sigmund

Illustrated notes

Levels and vault maps discovered:
D:1:      lemuel_arrival_cross, layout_rooms, serial_shops,
          nicolae_shop_hallway_plus, shapermc_ecumenical_altar_rom_forum
D:2:      layout_rooms, serial_park_tiny_1, minmay_misc_feat_encased,
          serial_bayou_pond_c, minmay_split_cup_small, uniq_sigmund, uniq_robin

Action                   || total
-------------------------++-------
Melee: War axe           ||    91
Armor: Scale mail        ||    32
Dodge: Dodged            ||    34
Block: Buckler           ||    18
